Map: Simulacrum LE

Players

INnoVation

  • Race: Terran Terran
  • League: Grandmaster
  • Spawn Location: 11:00

soO - Winner!

  • Race: Zerg Zerg
  • Spawn Location: 5:00

Event: Shopify TSL 5

VOD

Have the link to the VOD?

Description

Time

  • Played on: May 17, 2020, 10:27 a.m.
  • Length: 11:20

All games in this series

Show
View Real Time Build Order
Export as new Build Order

INnoVation Terran 

Build Orders: Reaper Expand 

Get SALT Encoding   

  12  0:00  SCV  
  13  0:12  SCV  
  14  0:17  Supply Depot  
  14  0:24  SCV  
  15  0:39  Barracks  
  15  0:40  SCV  
  16  0:45  Refinery  
  16  0:53  SCV  
  17  1:05  SCV  
  18  1:17  SCV  
  18  1:29  SCV  
  19  1:38  Reaper  
  20  1:41  Orbital Command  
  20  1:48  Command Center  
  20  2:06  Factory  
  20  2:07  SCV  
  21  2:12  Supply Depot  
  21  2:19  SCV  
  21  2:20  Refinery  
  22  2:31  SCV  
  23  2:43  SCV  
  23  2:49  Factory Tech Lab  
  23  2:51  Starport  
  23  2:55  SCV  
  24  2:58  Factory Reactor  
  24  3:02  Orbital Command  
  24  3:07  SCV  
  25  3:19  SCV  
  26  3:28  Fusion Core  
  26  3:33  SCV x2  
  29  3:35  Hellion x2  
  29  3:39  Supply Depot  
  33  3:46  Engineering Bay  
  31  3:51  Engineering Bay  
  30  3:58  Supply Depot  
  30  4:01  Hellion x2  
  33  4:04  Marine  
  31  4:22  Hellion  
  31  4:23  SCV  
  31  4:24  SCV  
  26  4:32  Starport Tech Lab  
  26  4:36  SCV x2  
  24  4:49  Hellion  
  25  4:58  SCV x2  
  22  5:10  SCV  
  22  5:12  SCV  
  24  5:24  SCV x2  
  24  5:36  SCV  
  24  5:37  SCV  
  26  5:47  Battlecruiser  
  32  5:50  SCV  
  32  5:53  SCV  
  34  6:00  Hellion  
  34  6:02  SCV  
  37  6:05  SCV  
  37  6:10  Supply Depot  
  38  6:11  Orbital Command  
  38  6:16  Weapon Refit  
  38  6:19  SCV  
  37  6:32  SCV  
  38  6:37  SCV  
  39  6:44  SCV  
  39  6:46  Command Center  
  40  6:51  SCV  
  41  6:56  SCV  
  42  7:04  SCV  
  42  7:08  SCV  
  44  7:09  Battlecruiser  
  50  7:17  Supply Depot  
  50  7:18  SCV  
  50  7:20  SCV  
  54  7:28  Refinery  
  52  7:30  SCV  
  52  7:31  Refinery  
  52  7:32  SCV  
  54  7:42  SCV  
  55  7:44  SCV, Widow Mine x2  
  55  7:47  Engineering Bay  
  60  7:55  SCV  
  60  7:56  SCV  
  62  7:58  Orbital Command  
  62  8:03  Missile Turret  
  62  8:04  Missile Turret  
  62  8:06  Widow Mine x2  
  62  8:09  SCV x2  
  66  8:13  Orbital Command  
  64  8:25  Battlecruiser  
  70  8:29  SCV  
  70  8:30  SCV  
  68  8:41  Factory  
  68  8:44  SCV, Factory  
  68  8:45  SCV  
  68  8:46  SCV  
  71  8:51  Supply Depot  
  71  8:53  Widow Mine  
  71  8:55  Widow Mine  
  75  9:02  SCV x3  
  75  9:10  Orbital Command  
  75  9:13  Supply Depot  
  75  9:14  SCV x2  
  75  9:16  Supply Depot  
  81  9:22  Hellion x2  
  81  9:25  Factory Tech Lab  
  81  9:26  SCV x2  
  81  9:28  Armory  
  81  9:29  Factory Tech Lab  
  83  9:32  Armory  
  83  9:37  SCV  
  83  9:38  SCV x2  
  82  9:52  Missile Turret  
  82  10:01  SCV  
  82  10:02  SCV  
  84  10:10  SCV  
  84  10:14  SCV x2  
  83  10:18  Thor x2  
  87  10:22  Hellion x2  
  87  10:23  SCV  
  87  10:26  SCV x2  
  87  10:27  Missile Turret x2  
  82  10:28  Viking  
  84  10:36  Missile Turret  
  76  10:51  SCV x3  
Show
View Real Time Build Order
Export as new Build Order

soO Zerg - Winner!

Build Orders: Pool First, Zergling Baneling 

Get SALT Encoding   

  12  0:01  Drone  
  13  0:12  Overlord  
  13  0:17  Drone  
  14  0:30  Drone x2  
  16  0:47  Drone  
  17  0:50  Drone, Spawning Pool  
  17  0:52  Extractor  
  17  0:56  Drone  
  17  1:07  Drone  
  18  1:25  Drone  
  19  1:39  Hatchery  
  18  1:40  Zergling x2  
  18  1:44  Queen  
  21  1:49  Overlord  
  21  1:56  Metabolic Boost  
  21  2:00  Drone  
  22  2:11  Drone  
  23  2:19  Queen  
  25  2:26  Drone  
  25  2:29  Zergling x2  
  27  2:39  Zergling x2  
  27  2:41  Baneling Nest  
  27  2:42  Zergling x2  
  29  2:51  Zergling x2  
  29  2:54  Zergling x4  
  29  2:55  Zergling x2  
  29  2:56  Zergling x2  
  33  3:02  Overlord  
  33  3:12  Zergling x2  
  33  3:16  Zergling x2  
  34  3:22  Zergling x2  
  34  3:25  Baneling  
  34  3:26  Baneling x5  
  35  3:27  Zergling x2  
  35  3:28  Zergling x6  
  39  3:42  Zergling x8  
  43  3:55  Zergling x6  
  43  3:59  Baneling  
  42  4:03  Zergling x4  
  42  4:04  Zergling x2  
  42  4:06  Zergling x2  
  42  4:10  Zergling x2  
  42  4:16  Zergling x2  
  41  4:18  Zergling x4  
  41  4:19  Zergling x2  
  37  4:35  Baneling x2  
  37  4:37  Drone x2  
  40  4:38  Drone  
  40  4:43  Drone  
  36  4:56  Drone x3  
  36  4:57  Drone x2  
  36  4:59  Drone  
  40  5:00  Drone  
  37  5:08  Drone x2  
  37  5:09  Drone  
  38  5:15  Queen  
  38  5:16  Zergling x4  
  42  5:23  Lair  
  42  5:26  Overlord  
  42  5:33  Overlord  
  42  5:36  Drone x2  
  44  5:44  Drone x2, Overlord  
  44  5:45  Drone x3  
  49  5:50  Queen  
  49  5:53  Zergling x2  
  49  5:55  Zergling x2  
  53  6:02  Extractor  
  53  6:03  Spore Crawler  
  51  6:05  Spore Crawler  
  51  6:07  Drone x2  
  51  6:11  Zergling x4  
  54  6:14  Drone x3  
  57  6:23  Drone x2, Spire  
  57  6:24  Drone  
  59  6:26  Drone  
  59  6:29  Queen  
  62  6:33  Extractor  
  62  6:34  Extractor  
  62  6:35  Drone x3  
  63  6:45  Hatchery  
  62  6:48  Overseer  
  62  6:49  Drone  
  62  6:52  Drone  
  64  6:55  Queen  
  64  7:01  Spore Crawler  
  63  7:02  Drone  
  63  7:06  Drone x2  
  66  7:13  Drone  
  67  7:21  Overlord  
  67  7:24  Overlord x2  
  67  7:34  Overlord  
  67  7:39  Queen  
  67  7:40  Mutalisk x2  
  67  7:41  Mutalisk  
  75  7:45  Mutalisk x3  
  75  7:47  Zerg Flyer Weapons Level 1  
  75  7:50  Drone  
  75  7:51  Drone x2  
  84  7:58  Drone x3  
  86  8:01  Extractor x2  
  86  8:03  Drone x2  
  86  8:05  Drone x2  
  89  8:09  Drone x2  
  91  8:14  Drone x3  
  94  8:20  Overlord  
  94  8:21  Drone  
  94  8:22  Drone  
  96  8:30  Overlord  
  96  8:36  Drone  
  96  8:39  Drone, Hatchery  
  96  8:40  Drone  
  98  8:41  Drone  
  98  8:42  Evolution Chamber x2  
  98  8:43  Baneling Nest  
  96  8:50  Mutalisk x4  
  104  9:05  Mutalisk x6  
  104  9:06  Drone  
  113  9:10  Drone x2  
  113  9:11  Drone  
  116  9:18  Zerg Ground Armor Level 1  
  116  9:20  Zerg Melee Weapons Level 1  
  116  9:21  Drone x2  
  118  9:28  Mutalisk  
  118  9:30  Drone  
  118  9:31  Extractor x2, Drone  
  121  9:38  Overlord  
  120  9:39  Overlord  
  120  9:46  Overlord  
  120  9:50  Mutalisk x4  
  124  9:53  Zergling x6  
  124  9:55  Overseer  
  127  10:00  Baneling x4  
  127  10:02  Queen  
  127  10:03  Queen x2  
  127  10:05  Zergling x6  
  122  10:21  Mutalisk  
  122  10:22  Mutalisk x2  
  122  10:29  Drone x6  
  122  10:31  Mutalisk x2  
  132  10:39  Drone x4  
  132  10:40  Hatchery  
  134  10:47  Overlord  
  133  10:52  Overlord  
  128  11:02  Zergling x2  
  128  11:03  Zergling x12  
Tags
 
Add a new tag
Caveats
  • Supply blocks, unpowered buildings, or Contaminate may cause inaccurate times.
  • Supply counts are checked every 10 seconds.